 Dungeon Crawl Stone Soup version 0.27.1-33-g824d729ab1 (webtiles) character file.

Game seed: 3782022204782166850

105 raph the Firebug (level 4, -2/24 HPs)
             Began as a Deep Elf Fire Elementalist on Dec 18, 2021.
             Slain by an orc priest (5 damage)
             ... on level 3 of the Dungeon.
             The game lasted 00:05:58 (2727 turns).

raph the Firebug (Deep Elf Fire Elementalist)       Turns: 2727, Time: 00:05:59

Health: -2/24      AC:  3    Str: 13    XL:     4   Next: 54%
Magic:  14/19      EV: 12    Int: 21    God:
Gold:   22         SH:  0    Dex: 15    Spells: 1/9 levels left

rFire    . . .     SeeInvis .   c - +0 dagger
rCold    . . .     Faith    .   (no shield)
rNeg     . . .     Spirit   .   l - +0 leather armour
rPois    +         Reflect  .   (no helmet)
rElec    .         Harm     .   (no cloak)
rCorr    .         Rampage  .   (no gloves)
Will     .....                  (no boots)
Stlth    +.........             (no amulet)
HPRegen  0.08/turn              i - ring of magical power
MPRegen  0.16/turn              e - ring "Ydauribi" {rPois Str+8 Stlth-}

@: no status effects
A: no striking features
a: no special abilities


You were on level 3 of the Dungeon.
You visited 1 branch of the dungeon, and saw 4 of its levels.

You collected 106 gold pieces.
You spent 84 gold pieces at shops.

Inventory:

Hand Weapons
 c - a +0 dagger (weapon)
Armour
 a - a +0 robe
 l - a +0 leather armour (worn)
Jewellery
 e - the ring "Ydauribi" (right hand) {rPois Str+8 Stlth-}
   (You acquired it on level 3 of the Dungeon)

   [ring of poison resistance]

   Str:       It affects your strength (+8).
   rPois:     It protects you from poison.
   Stlth:     It makes you less stealthy.
 i - a ring of magical power (left hand)
Scrolls
 f - a scroll of teleportation
 j - a scroll of summoning
 k - a scroll of immolation {unknown}
Potions
 b - 4 potions of curing
 d - a potion of haste
 g - a potion of berserk rage {unknown}
 h - a potion of magic


   Skills:
 - Level 2.4 Dodging
 - Level 2.4 Stealth
 - Level 3.0 Spellcasting
 + Level 3.5 Conjurations
 + Level 4.8 Fire Magic


You had one spell level left.
You knew the following spells:

 Your Spells              Type           Power      Damage    Failure   Level
a - Foxfire               Conj/Fire      80%        2x1d8     3%          1
b - Conjure Flame         Conj/Fire      20%        6-21      10%         3
c - Sticky Flame          Conj/Fire      20%        2d4       30%         4

Your spell library contained the following spells:

 Spells                   Type           Power      Damage    Failure   Level
 Sandblast                Erth           6%         2d5       17%         1
 Inner Flame              Hex/Fire       13%        N/A       19%         3
 Passwall                 Tmut/Erth      2%         N/A       26%         2
 Gell's Gravitas          Tloc           1%         N/A       45%         3
 Lesser Beckoning         Tloc           1%         N/A       45%         3
 Teleport Other           Tloc           3%         N/A       45%         3
 Fireball                 Conj/Fire      10%        3d6       65%         5
 Lee's Rapid Deconstruct  Erth           1%         3d5*      99%         5
 Dispersal                Tloc           1%         N/A       100%        6


Dungeon Overview and Level Annotations

Branches:
Dungeon (4/15)
 Temple: D:4-7

Altars:
Ru

Shops:
D:2 ?


Message History

The orc wizard is moderately wounded.
The orc wizard casts a spell at you. You resist with some effort.
The orc priest calls upon Beogh to heal the orc wizard.
The orc wizard's wounds heal themselves!
Casting: Foxfire (safe; 3% risk of failure)
Confirm with . or Enter, or press ? or * to list all spells.
You conjure some foxfire!
The orc wizard hits you but does no damage.
The orc priest hits you with a +0 club.
Casting: Foxfire (safe; 3% risk of failure)
Confirm with . or Enter, or press ? or * to list all spells.
There is not enough space to conjure foxfire!
You hit the orc wizard.
The orc wizard is lightly wounded.
The foxfire hits the orc wizard.
The orc wizard is heavily wounded.
The foxfire hits the orc wizard.
The orc wizard is heavily wounded.
The foxfire hits the orc wizard.
The orc wizard is almost dead.
The orc wizard hits you with a +0 dagger.
The orc priest barely misses you.
Casting: Foxfire (safe; 3% risk of failure)
Confirm with . or Enter, or press ? or * to list all spells.
You conjure some foxfire!
The foxfire hits the orc wizard but does no damage.
The orc wizard is almost dead.
The orc wizard hits you with a +0 dagger.
* * * LOW HITPOINT WARNING * * *
The orc priest hits you with a +0 club.
* * * LOW HITPOINT WARNING * * *
The foxfire hits the orc wizard.
You kill the orc wizard!
The foxfire hits the orc priest.
The orc priest is lightly wounded.
Casting: Foxfire (safe; 3% risk of failure)
Confirm with . or Enter, or press ? or * to list all spells.
You conjure some foxfire!
The orc priest hits you with a +0 club.
You die...

#.. #.# #.#
######.####...
#...........#
#.###.>###### #<#
#.)# #.#
#.o#########.#
###.###§@§...<...(.#
#...##.vv.##########
#.#####.#.# #.#
###.# #.# #.# #.#
#.# ### ## #.# #.#
..[ ..# #.#
#.#######.##.# #.#
#.#.......[.#


You could see an orc priest (ally target).

Vanquished Creatures
  An orc priest (D:3)
  An orc wizard (D:3)
  A dart slug (D:1)
  3 orcs (D:3)
  2 ball pythons
  2 bats (D:1)
  2 endoplasms
  6 giant cockroaches
  4 goblins
  3 hobgoblins
  3 quokkas
  3 frilled lizards
  9 kobolds
  5 rats
45 creatures vanquished.

Vanquished Creatures (others)
  129 foxfires
129 creatures vanquished.

Grand Total: 174 creatures vanquished

Notes
Turn   | Place    | Note
-------+----------+-------------------------------------------
     0 | D:1      | raph the Deep Elf Fire Elementalist began the quest for the
                  | Orb.
     0 | D:1      | Reached XP level 1. HP: 10/10 MP: 6/6
   204 | D:1      | Reached XP level 2. HP: 15/15 MP: 5/8
   642 | D:1      | Reached skill level 4 in Fire Magic
   806 | D:1      | Reached XP level 3. HP: 19/19 MP: 7/9
   810 | D:1      | Learned a level 3 spell: Conjure Flame
  1086 | D:2      | Found Innom's Magic Scroll Shoppe.
  1102 | D:2      | Bought a scroll of identify for 24 gold pieces
  2001 | D:2      | Bought a scroll of identify for 24 gold pieces
  2001 | D:2      | Bought a scroll of teleportation for 36 gold pieces
  2047 | D:3      | Reached XP level 4. HP: 7/24 MP: 9/10
  2402 | D:3      | Learned a level 4 spell: Sticky Flame
  2410 | D:3      | Found a sacrificial altar of Ru.
  2520 | D:3      | Identified a scroll of acquirement
  2520 | D:3      | Acquired the ring "Ydauribi" {rPois Str+8 Stlth-}
  2727 | D:3      | Slain by an orc priest

Illustrated notes

Levels and vault maps discovered:
D:1:      lemuel_arrival_room, layout_loops_ring, minmay_fountain_box
D:2:      layout_loops_cross, serial_shops, nicolae_lakefront_shop, st_stairs_8
D:3:      layout_loops_ring, nicolae_ru_awakened_eye, nrook_campfire
D:4:      layout_layer_cave, vehumet_crystals, uniq_duvessa, uniq_ijyb

Skill      XL: |  1  2  3 |
---------------+----------+-----
Conjurations   | 2 3 |  3.5
Fire Magic     | 4 |  4.8
Dodging        | |  2.4
Stealth        | |  2.4
Spellcasting   | |  3.0

Action                   |  1- 3 |  4- 6 || total
-------------------------+-------+-------++-------
Melee: Dagger            |     8 |     1 ||     9
 Cast: Foxfire           |    70 |    13 ||    83
  Use: Scroll            |     7 |     2 ||     9
Armor: Robe              |     2 |       ||     2
       Leather armour    |       |     2 ||     2
Dodge: Dodged            |     8 |     1 ||     9
